 Dungeon Crawl Stone Soup version 0.28-a0-973-ga7f8b01127 (console) character file.

Game seed: 10293340791381830625

102545 jejorda2 the Slicer (level 16, -8/129 HPs)
             Began as a Gnoll Berserker on Dec 1, 2021.
             Was a High Priest of Trog.
             Mangled by an orc knight (18 damage)
             ... on level 15 of the Dungeon on Dec 2, 2021.
             The game lasted 01:24:30 (24478 turns).

jejorda2 the Slicer (Gnoll Berserker)              Turns: 24478, Time: 01:24:32

Health: -8/129     AC: 40    Str: 23    XL:     16   Next: 33%
Magic:  21/21      EV: 16    Int: 13    God:    Trog [*****.]
Gold:   1278       SH:  6    Dex: 12    Spells: 36/36 levels left

rFire   . . .      SeeInvis +   b - +6 trident {spect, rElec rC+}
rCold   + . .      Faith    .   u - +0 buckler {AC+3}
rNeg    . . .      Spirit   .   S - +7 chain mail of Lightning Storm {rCorr MP-9 Int+5 SInv}
rPois   .          Reflect  .   G - +2 helmet
rElec   +          Harm     .   W - +2 cloak
rCorr   +          Rampage  .   D - +2 pair of gloves
Will    +++..                   Q - +2 pair of boots
Stlth   +.........              c - amulet of regeneration
HPRegen 2.11/turn               y - +4 ring of protection
MPRegen 0.17/turn               F - +4 ring of evasion

@: strong-willed (expiring), regenerating (expiring)
A: fangs 1, strong nose, distributed training
a: Renounce Religion, Berserk, Trog's Hand, Brothers in Arms


You were on level 15 of the Dungeon.
You worshipped Trog.
Trog was extremely pleased with you.
You visited 2 branches of the dungeon, and saw 21 of its levels.
You also visited: Ice Cave.

You collected 1622 gold pieces.
You spent 344 gold pieces at shops.

Inventory:

Hand Weapons
 a - the +8 trident of the Octopus King {venom, rElec rPois Will+}
   (You found it on level 9 of the Dungeon)

   It poisons the flesh of those it strikes.
   rElec:     It insulates you from electricity.
   rPois:     It protects you from poison.
   Will:      It increases your willpower.
 b - the +6 trident of Purpose (weapon) {spect, rElec rC+}
   (You found it on level 6 of the Lair of Beasts)

   When its wielder attacks, the weapon's spirit leaps out and strikes again.
   The spirit shares a part of any damage it takes with its wielder.
   rC:        It protects you from cold.
   rElec:     It insulates you from electricity.
 n - a +1 hunting sling
 T - a +1 antimagic broad axe
Missiles
 e - 140 poisoned darts
 m - 619 stones (quivered)
 p - 155 sling bullets
 z - a curare-tipped dart
 E - 13 javelins
 K - 2 throwing nets
Armour
 u - a +0 buckler of protection (worn)
 D - a +2 pair of gloves (worn)
 G - a +2 helmet (worn)
 Q - a +2 pair of boots (worn)
 S - the +7 chain mail of Lightning Storm (worn) {rCorr MP-9 Int+5 SInv}
   (You found it on level 2 of the Lair of Beasts)

   Int:       It affects your intelligence (+5).
   MP:        It affects your magic capacity (-9).
   SInv:      It lets you see invisible.
   rCorr:     It protects you from acid and corrosion.
 W - a +2 cloak (worn)
Jewellery
 c - an amulet of regeneration (around neck)
 l - the amulet of Equivalence {RegenMP rCorr Str+5}
   (You took it off a meliai on level 14 of the Dungeon)

   [amulet of magic regeneration]

   It increases your rate of magic regeneration.
   Str:       It affects your strength (+5).
   rCorr:     It protects you from acid and corrosion.
 y - a +4 ring of protection (left hand)
 F - a +4 ring of evasion (right hand)
 I - a ring of fire
Wands
 f - a wand of flame (24)
 g - a wand of paralysis (2)
 x - a wand of polymorph (6)
 L - a wand of iceblast (28)
Scrolls
 h - a scroll of magic mapping
 q - 3 scrolls of enchant weapon
 A - 3 scrolls of fear
 B - 4 scrolls of fog
 H - 2 scrolls of blinking
 J - a scroll of enchant armour
 N - 7 scrolls of teleportation
 U - 7 scrolls of identify
Potions
 d - 15 potions of curing
 i - 5 potions of ambrosia
 j - 3 potions of mutation
 k - 4 potions of might
 o - 3 potions of flight
 r - a potion of berserk rage
 s - 4 potions of magic
 t - a potion of resistance
 v - 5 potions of haste
 w - 2 potions of heal wounds
 C - 5 potions of attraction
 O - 4 potions of invisibility
 P - a potion of cancellation
 V - a potion of lignification
Miscellaneous
 M - a condenser vane (inert)
 R - a tin of tremorstones (2/2)


   Skills:
 + Level 12.5 Fighting
 + Level 12.5 Short Blades
 + Level 10.8 Long Blades
 + Level 10.8 Axes
 + Level 10.8 Maces & Flails
 + Level 10.8 Polearms
 + Level 10.8 Staves
 + Level 10.8 Slings
 + Level 10.8 Bows
 + Level 10.8 Crossbows
 + Level 10.8 Throwing
 + Level 11.7 Armour
 + Level 11.7 Dodging
 + Level 10.8 Stealth
 + Level 10.8 Shields
 + Level 10.8 Unarmed Combat
 + Level 10.8 Spellcasting
 + Level 9.1 Conjurations
 + Level 9.1 Hexes
 + Level 9.1 Summonings
 + Level 9.1 Necromancy
 + Level 9.1 Translocations
 + Level 9.1 Transmutations
 + Level 9.1 Fire Magic
 + Level 9.1 Ice Magic
 + Level 9.1 Air Magic
 + Level 9.1 Earth Magic
 + Level 9.1 Poison Magic
 + Level 11.7 Invocations
 + Level 10.8 Evocations


You had 36 spell levels left.
You didn't know any spells.
Your spell library was empty.

Dungeon Overview and Level Annotations

Branches:
Dungeon (15/15)            Temple (0/1) D:5            Lair (6/6) D:11
 Shoals (0/4) Lair:2       Spider (0/4) Lair:3        Slime (0/5) Lair:5
    Orc (0/2) D:9          Vaults (0/5) D:13         Depths (0/4) D:15
  IceCv (visited)

Altars:
Cheibriados
Hepliaklqana
Kikubaaqudgha
Makhleb
Okawaru
Qazlal
Ru
Sif Muna
Trog
Uskayaw
Beogh
Jiyva
Lugonu

Shops:
D:4 [   D:9 ((

Portals:
Abyss: Lair:6

Annotations:
D:15 Fotoz's ghost, adept GrFi
Lair:4 3 runed translucent doors, Daelid's ghost, journeyman MfGl; Naugein's ghost, journeyman MiHu; Wadghoppo's ghost, journeyman MiHu


Innate Abilities, Weirdness & Mutations

You have very sharp teeth.
Your uncanny sense of smell can sniff out nearby items.
Your experience applies equally to all skills.


Message History

You kill the orc knight!
Trog accepts your kill.
The orc knight is engulfed in freezing vapours.
The orc warrior is engulfed in freezing vapours.
You kill the orc warrior!
Trog accepts your kill.
The orc high priest is engulfed in freezing vapours.
You hit Fotoz's ghost.
Fotoz's ghost is heavily damaged.
Your +6 trident of Purpose {spect, rElec rC+} misses Fotoz's ghost.
The orc warrior is engulfed in freezing vapours.
You kill the orc warrior!
Trog accepts your kill.
The orc warrior is engulfed in freezing vapours.
The orc knight is engulfed in freezing vapours.
The orc knight roars a battlecry!
The orc knight is engulfed in freezing vapours.
The orc knight hits you from afar with a +0 halberd!!
* * * LOW HITPOINT WARNING * * *
Fotoz's ghost is engulfed in freezing vapours.
Fotoz's ghost hits you but does no damage.
You hit Fotoz's ghost. Your bite misses Fotoz's ghost.
Fotoz's ghost is severely damaged.
Your +6 trident of Purpose {spect, rElec rC+} closely misses Fotoz's ghost.
The orc knight no longer looks unusually strong.
The orc high priest is engulfed in freezing vapours.
The orc high priest invokes the aid of Beogh against you.
Beogh smites you!
* * * LOW HITPOINT WARNING * * *
The orc warrior is engulfed in freezing vapours.
You kill the orc warrior!
Trog accepts your kill.
Fotoz's ghost is engulfed in freezing vapours.
Fotoz's ghost hits you!
* * * LOW HITPOINT WARNING * * *
Fotoz's ghost freezes you.
* * * LOW HITPOINT WARNING * * *
The orc knight is engulfed in freezing vapours. x2
The orc knight hits you from afar with a +0 halberd!!
You die...

#..........# #.####'#..
#.#.#..##### #.####.#.#
#...#.###########...)...).
####### #..........###....
8....._[)...8##########........
# ......?.....#######.........#.
#.#8#..8..#8#.#.......#######.#.
#.###.o.oo###.#(####### #.#.
#....#####....#@# #.#.
#......$ooo..o#W# #.#.
#######'''######o# #.#.
#8.......oo.Wo.8o# #...
#..........oo..§§# ####
########...o..§§o# ###########


You could see 2 orc knights, an orc high priest (strong), Fotoz's ghost and a
friendly +6 trident of Purpose {spect, rElec rC+} (summoned).

Vanquished Creatures
  Jorgrun (D:12)
  Agnes (D:14)
  A very ugly thing (D:15)
  Azrael (D:11)
  Snorg (D:13)
  4 boulder beetles
  The ghost of ytrimaz the Fighter, a journeyman DsBe of Trog (D:11)
  A rakshasa (D:15)
  4 vault guards (D:13)
  13 hydras
  An ogre mage (D:14)
  A death knight (D:13)
  13 two-headed ogres
  5 centaur warriors
  10 death yaks
  4 thrashing horrors (Lair:6)
  A glowing orange brain (D:15)
  A wizard (D:15)
  A deep elf pyromancer (D:13)
  16 ugly things
  A wolf spider (Lair:3)
  An orc knight (D:15)
  An oklob plant (Lair:1)
  10 cyclopes
  An orc sorcerer (D:9)
  2 manticores
  A merfolk siren (Lair:2)
  5 elephants (Lair:6)
  A smoke demon (Lair:6)
  The ghost of Dvallin the Skirmisher, a novice FoHu (D:4)
  An eye of devastation (shapeshifter) (D:15)
  2 gargoyles
  An ice statue (IceCv)
  7 black mambas
  7 cane toads
  Maggie (D:6)
  2 rime drakes
  4 kobold demonologists
  6 ice devils (IceCv)
  An anaconda simulacrum (IceCv)
  3 komodo dragons
  A freezing wraith (IceCv)
  2 entropy weaver simulacra (IceCv)
  3 trolls
  2 ancient zymes (Lair:6)
  A wind drake (shapeshifter) (D:15)
  4 polar bears
  3 meliai (D:14)
  6 slime creatures
  6 dream sheep (Lair:5)
  Grinder (D:5)
  14 blink frogs
  4 dire elephant simulacra (IceCv)
  A wraith (D:11)
  2 shadows
  A wyvern (D:8)
  46 yaks
  2 vampires
  A spriggan (Lair:6)
  4 ynoxinuls
  6 basilisks
  A large abomination (Lair:6)
  A fire elemental (D:12)
  6 steam dragons
  A chaos spawn (Lair:6)
  7 vampire mosquitoes
  A death yak simulacrum (IceCv)
  7 wargs (D:9)
  2 harpy simulacra (IceCv)
  3 acid dragons
  10 water moccasins
  5 hell hounds
  2 swamp drakes (Lair:5)
  13 orc warriors
  A black bear (D:7)
  2 ice beasts
  An ogre (D:14)
  A necrophage (D:8)
  6 wolves (Lair:1)
  13 centaurs
  5 kobold brigands (D:9)
  A phantom (D:9)
  14 bullfrogs
  10 gnoll sergeants
  9 small abominations (Lair:6)
  5 cane toad simulacra (IceCv)
  A water moccasin zombie (D:6)
  2 scorpions
  A two-headed ogre simulacrum (IceCv)
  A wyvern skeleton (D:7)
  5 elephant simulacra (IceCv)
  6 killer bees (D:10)
  10 howler monkeys
  A vampire bat (D:4)
  2 lava snakes (D:7)
  2 centaur zombies
  4 hounds
  7 jellies
  A bullfrog skeleton (D:7)
  11 orc priests
  2 gnoll shamans (D:9)
  Terence (D:3)
  3 iguanas
  17 orc wizards
  3 polar bear simulacra (IceCv)
  A spriggan simulacrum (IceCv)
  A troll simulacrum (IceCv)
  4 wolf simulacra (IceCv)
  4 ogre zombies (D:9)
  A hound skeleton (D:4)
  A howler monkey zombie (D:9)
  8 adders
  18 gnolls
  2 naga simulacra (IceCv)
  A howler monkey skeleton (D:6)
  2 shadow imps (D:7)
  14 white imps
  An ufetubus (IceCv)
  2 adder skeletons
  2 worms
  3 fire bats (D:4)
  35 orcs
  2 spectral bats (D:4)
  3 bat skeletons (D:4)
  A bat zombie (D:4)
  19 endoplasms
  5 giant cockroaches
  10 hobgoblins
  13 kobolds
  5 quokkas
  9 ball pythons
  15 bats
  A bat simulacrum (D:4)
  6 frilled lizards
  6 goblins
  2 goblin skeletons (D:9)
  A hobgoblin skeleton (D:9)
  2 hobgoblin zombies (D:9)
  An orc skeleton (D:9)
  7 orc zombies (D:9)
  6 rats
671 creatures vanquished.

Vanquished Creatures (collateral kills)
  The ghost of Zapai the Nimble, a journeyman DgAr (Lair:2)
  A two-headed ogre (D:12)
  Urug (D:12)
  A necromancer (IceCv)
  A black mamba (Lair:2)
  A freezing wraith (IceCv)
  5 ice devils (IceCv)
  4 blink frogs
  A hornet (D:9)
  A spriggan (Lair:6)
  A shadow (D:9)
  A vampire (D:9)
  A basilisk (Lair:2)
  A warg (D:9)
  A black bear (shapeshifter) (Lair:6)
  A kobold brigand (D:9)
  A cane toad simulacrum (IceCv)
  An elephant simulacrum (IceCv)
  A howler monkey (D:9)
  4 ogre zombies (D:9)
  3 kobolds (D:9)
  A goblin skeleton (D:9)
  3 goblin zombies (D:9)
  A hobgoblin skeleton (D:9)
  2 hobgoblin zombies (D:9)
  5 orc zombies (D:9)
45 creatures vanquished.

Vanquished Creatures (others)
  18 fungi
  40 plants
58 creatures vanquished.

Grand Total: 774 creatures vanquished

Notes
Turn   | Place    | Note
-------+----------+-------------------------------------------
     0 | D:1      | jejorda2 the Gnoll Berserker began the quest for the Orb.
     0 | D:1      | Reached XP level 1. HP: 23/23 MP: 1/1
   303 | D:1      | Reached XP level 2. HP: 29/29 MP: 2/2
   835 | D:1      | Reached XP level 3. HP: 32/35 MP: 3/3
  1028 | D:2      | Reached skill level 1 in Invocations
  1048 | D:2      | Reached ** piety under Trog
  1091 | D:2      | Reached skill level 1 in Long Blades
  1091 | D:2      | Reached skill level 1 in Axes
  1091 | D:2      | Reached skill level 1 in Maces & Flails
  1091 | D:2      | Reached skill level 1 in Polearms
  1091 | D:2      | Reached skill level 1 in Staves
  1091 | D:2      | Reached skill level 1 in Slings
  1091 | D:2      | Reached skill level 1 in Bows
  1091 | D:2      | Reached skill level 1 in Crossbows
  1091 | D:2      | Reached skill level 1 in Throwing
  1091 | D:2      | Reached skill level 1 in Stealth
  1091 | D:2      | Reached skill level 1 in Shields
  1091 | D:2      | Reached skill level 1 in Unarmed Combat
  1091 | D:2      | Reached skill level 1 in Spellcasting
  1091 | D:2      | Reached skill level 1 in Evocations
  1177 | D:2      | Reached XP level 4. HP: 41/41 MP: 5/5
  1245 | D:2      | Reached skill level 1 in Conjurations
  1245 | D:2      | Reached skill level 1 in Hexes
  1245 | D:2      | Reached skill level 1 in Summonings
  1245 | D:2      | Reached skill level 1 in Necromancy
  1245 | D:2      | Reached skill level 1 in Translocations
  1245 | D:2      | Reached skill level 1 in Transmutations
  1245 | D:2      | Reached skill level 1 in Fire Magic
  1245 | D:2      | Reached skill level 1 in Ice Magic
  1245 | D:2      | Reached skill level 1 in Air Magic
  1245 | D:2      | Reached skill level 1 in Earth Magic
  1245 | D:2      | Reached skill level 1 in Poison Magic
  1617 | D:3      | Noticed Terence
  1627 | D:3      | Killed Terence
  1628 | D:3      | Reached XP level 5. HP: 47/47 MP: 6/6
  2116 | D:3      | Found a faded altar of an unknown god.
  2470 | D:4      | Found Evemui's Antique Armour Boutique.
  2499 | D:4      | Reached XP level 6. HP: 53/53 MP: 8/8
  2563 | D:4      | Reached skill level 5 in Armour
  2563 | D:4      | Reached skill level 5 in Dodging
  2642 | D:4      | Reached *** piety under Trog
  2720 | D:4      | Found a hide-covered altar of Uskayaw.
  2777 | D:4      | Bought a shiny chain mail for 172 gold pieces
  2832 | D:4      | Found an ancient bone altar of Kikubaaqudgha.
  2832 | D:4      | Found a snail-covered altar of Cheibriados.
  2833 | D:4      | Found a burning altar of Makhleb.
  2984 | D:4      | Found a runed translucent door.
  2984 | D:4      | Noticed Dvallin's ghost (novice FoHu)
  3015 | D:4      | Killed Dvallin's ghost
  3016 | D:4      | Reached XP level 7. HP: 60/60 MP: 9/11
  3547 | D:4      | Reached XP level 8. HP: 67/67 MP: 12/12
  3695 | D:5      | Entered Level 5 of the Dungeon
  3884 | D:5      | Noticed Grinder
  3922 | D:5      | Killed Grinder
  3987 | D:5      | Found a staircase to the Ecumenical Temple.
  4878 | D:6      | Reached **** piety under Trog
  5026 | D:6      | Noticed Maggie
  5041 | D:6      | Killed Maggie
  5042 | D:6      | Reached XP level 9. HP: 73/73 MP: 14/14
  5664 | D:4      | Bought a shiny helmet for 172 gold pieces
  6011 | D:7      | Reached skill level 5 in Invocations
  6523 | D:8      | Found a sacrificial altar of Ru.
  6668 | D:8      | Noticed a two-headed ogre
  6679 | D:8      | Killed a two-headed ogre
  6680 | D:8      | Reached skill level 5 in Long Blades
  6680 | D:8      | Reached skill level 5 in Axes
  6680 | D:8      | Reached skill level 5 in Maces & Flails
  6680 | D:8      | Reached skill level 5 in Polearms
  6680 | D:8      | Reached skill level 5 in Staves
  6680 | D:8      | Reached skill level 5 in Slings
  6680 | D:8      | Reached skill level 5 in Bows
  6680 | D:8      | Reached skill level 5 in Crossbows
  6680 | D:8      | Reached skill level 5 in Throwing
  6680 | D:8      | Reached skill level 5 in Stealth
  6680 | D:8      | Reached skill level 5 in Shields
  6680 | D:8      | Reached skill level 5 in Unarmed Combat
  6680 | D:8      | Reached skill level 5 in Spellcasting
  6680 | D:8      | Reached skill level 5 in Evocations
  6680 | D:8      | Reached XP level 10. HP: 81/81 MP: 17/17
  6844 | D:8      | Found a shimmering blue altar of Sif Muna.
  6844 | D:8      | Found an iron altar of Okawaru.
  7335 | D:9      | Reached ***** piety under Trog
  7495 | D:9      | Found Kikuib's Weapon Shop.
  7589 | D:9      | Found a staircase to the Orcish Mines.
  7656 | D:9      | Found Piexauj's Weapon Shoppe.
  8004 | D:9      | Noticed a moth of wrath
  8034 | D:9      | Found a bloodstained altar of Trog.
  8188 | D:9      | Noticed a kobold demonologist
  8210 | D:9      | Noticed a two-headed ogre
  8233 | D:9      | Killed a two-headed ogre
  8234 | D:9      | Reached XP level 11. HP: 87/87 MP: 19/19
  8261 | D:9      | Noticed a sun demon
  8320 | D:8      | Reached skill level 5 in Conjurations
  8320 | D:8      | Reached skill level 5 in Hexes
  8320 | D:8      | Reached skill level 5 in Summonings
  8320 | D:8      | Reached skill level 5 in Necromancy
  8320 | D:8      | Reached skill level 5 in Translocations
  8320 | D:8      | Reached skill level 5 in Transmutations
  8320 | D:8      | Reached skill level 5 in Fire Magic
  8320 | D:8      | Reached skill level 5 in Ice Magic
  8320 | D:8      | Reached skill level 5 in Air Magic
  8320 | D:8      | Reached skill level 5 in Earth Magic
  8320 | D:8      | Reached skill level 5 in Poison Magic
  8352 | D:9      | Noticed a cyclops
  8357 | D:9      | Noticed an orc sorcerer
  8367 | D:9      | Killed an orc sorcerer
  8384 | D:9      | Killed a cyclops
  8499 | D:9      | Noticed a sixfirhy
  8864 | D:9      | Noticed a two-headed ogre
  9053 | D:9      | Killed a two-headed ogre
  9152 | D:9      | Noticed a manticore
  9165 | D:9      | Killed a manticore
  9400 | D:9      | Found the +8 trident of the Octopus King {venom, rElec
                  | rPois Will+}
  9618 | D:10     | Entered Level 10 of the Dungeon
  9858 | D:10     | Noticed a two-headed ogre
  9865 | D:10     | Killed a two-headed ogre
 10262 | D:10     | Reached XP level 12. HP: 96/96 MP: 22/22
 10419 | D:10     | Noticed a two-headed ogre
 10427 | D:10     | Killed a two-headed ogre
 10649 | D:11     | Found a runed translucent door.
 10650 | D:11     | Noticed ytrimaz's ghost (journeyman DsBe)
 10764 | D:11     | Found a staircase to the Lair.
 11103 | D:11     | Noticed a four-headed hydra
 11113 | D:11     | Killed a four-headed hydra
 11431 | Lair:1   | Entered Level 1 of the Lair of Beasts
 11572 | Lair:1   | Reached skill level 10 in Fighting
 11572 | Lair:1   | Reached skill level 10 in Short Blades
 12028 | Lair:1   | Received a gift from Trog
 12311 | Lair:2   | Noticed a six-headed hydra
 12311 | Lair:2   | Noticed a death yak
 12468 | Lair:2   | Killed a six-headed hydra
 12537 | Lair:2   | Found a runed translucent door.
 12546 | Lair:2   | Noticed Zapai's ghost (journeyman DgAr)
 12565 | Lair:2   | Killed Zapai's ghost
 12569 | Lair:2   | Noticed a seven-headed hydra
 12572 | Lair:2   | Reached XP level 13. HP: 103/103 MP: 24/24
 12579 | Lair:2   | Identified the +7 chain mail of Lightning Storm {rCorr MP-9
                  | Int+5 SInv}
 12942 | Lair:2   | Found a stormy altar of Qazlal.
 13239 | Lair:2   | Found a staircase to the Shoals.
 13526 | Lair:3   | Found a frozen archway.
 13535 | IceCv    | Entered an ice cave
 14491 | IceCv    | Found an ancient bone altar of Kikubaaqudgha.
 15321 | IceCv    | Identified the ring of Lukiajua {rF+ rC+ rN+ Slay-5 Stlth+}
 15463 | Lair:3   | Found a hole to the Spider Nest.
 15679 | Lair:3   | Reached skill level 10 in Armour
 15679 | Lair:3   | Reached skill level 10 in Dodging
 15685 | Lair:3   | Reached XP level 14. HP: 113/113 MP: 17/26
 16435 | Lair:4   | Found a runed translucent gate.
 16435 | Lair:4   | Found a runed translucent gate.
 16435 | Lair:4   | Found a runed translucent gate.
 16439 | Lair:4   | Noticed Naugein's ghost (journeyman MiHu)
 16439 | Lair:4   | Noticed Daelid's ghost (journeyman MfGl)
 16439 | Lair:4   | Noticed Wadghoppo's ghost (journeyman MiHu)
 16695 | Lair:4   | Identified the +4 leather armour "Rusefel" {Int+3}
 17181 | Lair:5   | Found a staircase to the Slime Pits.
 17181 | Lair:5   | Found a viscous altar of Jiyva.
 17702 | Lair:5   | Found the +7 Kryia's mail coat {PotionHeal*2 rC+}
 17757 | Lair:5   | Reached skill level 10 in Invocations
 18281 | Lair:6   | Entered Level 6 of the Lair of Beasts
 18540 | Lair:6   | Found a corrupted altar of Lugonu.
 18540 | Lair:6   | Found a one-way gate to the infinite horrors of the Abyss.
 18754 | Lair:6   | Found a stormy altar of Qazlal.
 18815 | Lair:6   | Identified the +6 trident of Purpose {spect, rElec rC+}
 19535 | Lair:6   | Received a gift from Trog
 19773 | Lair:6   | Reached XP level 15. HP: 108/120 MP: 19/28
 20099 | D:11     | Killed ytrimaz's ghost
 20125 | D:12     | Noticed Azrael
 20138 | D:12     | Noticed Jorgrun
 20141 | D:12     | Noticed Urug
 20146 | D:11     | Killed Azrael
 20195 | D:12     | Killed Urug
 20200 | D:12     | Killed Jorgrun
 20452 | D:12     | Reached skill level 10 in Long Blades
 20452 | D:12     | Reached skill level 10 in Axes
 20452 | D:12     | Reached skill level 10 in Maces & Flails
 20452 | D:12     | Reached skill level 10 in Polearms
 20452 | D:12     | Reached skill level 10 in Staves
 20452 | D:12     | Reached skill level 10 in Slings
 20452 | D:12     | Reached skill level 10 in Bows
 20452 | D:12     | Reached skill level 10 in Crossbows
 20452 | D:12     | Reached skill level 10 in Throwing
 20452 | D:12     | Reached skill level 10 in Stealth
 20452 | D:12     | Reached skill level 10 in Shields
 20452 | D:12     | Reached skill level 10 in Unarmed Combat
 20452 | D:12     | Reached skill level 10 in Spellcasting
 20452 | D:12     | Reached skill level 10 in Evocations
 21025 | D:13     | Found a gate to the Vaults.
 21220 | D:13     | Noticed Snorg
 21225 | D:13     | Killed Snorg
 21519 | D:13     | You fall into a shaft and drop 2 floors!
 21519 | D:15     | Entered Level 15 of the Dungeon
 21963 | D:14     | Noticed Agnes
 21977 | D:14     | Killed Agnes
 22148 | D:14     | Identified the +3 leather armour of the Lich-sworn {rF+
                  | Int+10}
 22188 | D:14     | Identified the amulet of Equivalence {RegenMP rCorr Str+5}
 22399 | D:14     | Found the +7 great mace "Undeadhunter" {disrupt, rN+}
 22450 | D:14     | Received a gift from Trog
 23185 | D:15     | Reached XP level 16. HP: 125/128 MP: 21/30
 23535 | D:15     | Found a staircase to the Depths.
 23785 | D:15     | Found a runed translucent gate.
 23786 | D:15     | Found a runed translucent gate.
 23786 | D:15     | Noticed Fotoz's ghost (adept GrFi)
 23787 | D:15     | Found a runed translucent gate.
 23868 | D:15     | Found a hazy altar of Hepliaklqana.
 24424 | D:15     | Identified the +1 robe of Paranoia {-Tele Harm Str+7
                  | Slay-6}
 24424 | D:15     | Identified the ring "Viuch" {rC+ Int+4}
 24478 | D:15     | Mangled by an orc knight

Illustrated notes

Levels and vault maps discovered:
D:1:      dpeg_arrival_orchard, layout_loops_corners
D:2:      layout_rooms
D:3:      layout_basic, shapermc_ecumenical_altar_mp_ritualfount,
          kennysheep_generic_room_16, uniq_terence
D:4:      layout_loops_ring, mainiacjoe_overflow_alcove_1,
          gammafunk_temple_overflow_claw, serial_shops,
          nicolae_shop_overgrown_old_shop, serial_rivers,
          chequers_serial_rivers_micro_e, chequers_serial_rivers_micro_c,
          chequers_serial_rivers_small_a, chequers_serial_rivers_small_3,
          chequers_serial_rivers_micro_a, chequers_serial_rivers_large_b,
          hellmonk_ghost_happy_afterlife, goddamned_bats
D:5:      layout_basic, minmay_temple_entry_large_hall, uniq_grinder
D:6:      layout_rooms, nrook_uturn, ebering_dispersal_statue_hall, uniq_maggie
D:7:      layout_cave_pools, kennysheep_dice
D:8:      layout_gridville, old_standard_altar, gammafunk_temple_overflow_pools
D:9:      lemuel_castle_with_subvaults [lemuel_castle_interior_original],
          layout_irregular_city, tgw_trog, zombieorc2_lemuel, serial_shops,
          shop, nicolae_shop_bloodbath_and_beyond
D:10:     layout_gridville, minmay_misc_feat_room
D:11:     layout_long_grid, grunt_lair_entry_orc_guard_hut,
          hellmonk_ghost_big_iron
D:12:     layout_layer_cave, uniq_jorgrun, uniq_azrael, uniq_urug
D:13:     layout_loops_cross, lightli_vaults_fourway_checkpoint,
          minmay_misc_feat_doors, kb_rosetta, uniq_snorg
D:14:     layout_roguey, serial_co_window_serial, co_window_of_opportunity_a,
          co_window_corner_a, co_window_corner_a, co_window_corner_a,
          co_window_paths_a, co_window_paths_a, co_window_paths_a,
          co_window_of_opportunity_b, co_window_broadway_a,
          co_window_of_opportunity_c, co_window_broadway_a,
          co_window_of_opportunity_c, co_window_sun, glass_columns_c, uniq_agnes
D:15:     gammafunk_enter_depths_forms, layout_basic,
          nicolae_hepliaklqana_hazy_memory, biasface_ghost_orc_armoury
Lair:1:   lemuel_slime, layout_regular_city, grunt_megastairs_4
Lair:2:   layout_hall_layers, minmay_shoals_entry_lonely_mermaid, basic_altar,
          ebering_ghost_reflecting_pool
Lair:3:   layout_chaotic_city, spider_nest_entry_rubble,
          portal_ice_cave_entry_imps, grunt_megastairs_5
Lair:4:   layout_regular_city, gammafunk_ghost_cemetery
Lair:5:   layout_cave_pods, slime_altar_1, guppyfry_lair_drakes
Lair:6:   hellmonk_lair_end_abyssal_woods, layout_cave_shapes, basic_altar,
          chequers_serial_rivers_micro_b, chequers_serial_rivers_micro_c,
          infiniplex_staircase_pool_2

Skill      XL: |  1  2  3  4  5  6  7  8  9 10 11 12 13 14 15 16 |
---------------+-------------------------------------------------+-----
Invocations    | 1 3 4 5 6 7 8 9 10 11 | 11.7
Long Blades    | 1 2 3 5 6 7 8 9 10 | 10.8
Axes           | 1 2 3 5 6 7 8 9 10 | 10.8
Maces & Flails | 1 2 3 5 6 7 8 9 10 | 10.8
Polearms       | 1 2 3 5 6 7 8 9 10 | 10.8
Staves         | 1 2 3 5 6 7 8 9 10 | 10.8
Slings         | 1 2 3 5 6 7 8 9 10 | 10.8
Bows           | 1 2 3 5 6 7 8 9 10 | 10.8
Crossbows      | 1 2 3 5 6 7 8 9 10 | 10.8
Throwing       | 1 2 3 5 6 7 8 9 10 | 10.8
Stealth        | 1 2 3 5 6 7 8 9 10 | 10.8
Shields        | 1 2 3 5 6 7 8 9 10 | 10.8
Unarmed Combat | 1 2 3 5 6 7 8 9 10 | 10.8
Spellcasting   | 1 2 3 5 6 7 8 9 10 | 10.8
Evocations     | 1 2 3 5 6 7 8 9 10 | 10.8
Conjurations   | 1 2 3 4 5 6 7 8 9 |  9.1
Hexes          | 1 2 3 4 5 6 7 8 9 |  9.1
Summonings     | 1 2 3 4 5 6 7 8 9 |  9.1
Necromancy     | 1 2 3 4 5 6 7 8 9 |  9.1
Translocations | 1 2 3 4 5 6 7 8 9 |  9.1
Transmutations | 1 2 3 4 5 6 7 8 9 |  9.1
Fire Magic     | 1 2 3 4 5 6 7 8 9 |  9.1
Ice Magic      | 1 2 3 4 5 6 7 8 9 |  9.1
Air Magic      | 1 2 3 4 5 6 7 8 9 |  9.1
Earth Magic    | 1 2 3 4 5 6 7 8 9 |  9.1
Poison Magic   | 1 2 3 4 5 6 7 8 9 |  9.1
Armour         | 5 6 7 8 9 10 11 | 11.7
Dodging        | 5 6 7 8 9 10 11 | 11.7
Fighting       | 7 8 9 10 11 12 | 12.5
Short Blades   | 7 8 9 10 11 12 | 12.5

Action                   |  1- 3 |  4- 6 |  7- 9 | 10-12 | 13-15 | 16-18 || total
-------------------------+-------+-------+-------+-------+-------+-------++-------
Melee: Short sword       |    61 |    55 |   560 |   513 |       |       ||  1189
       Bite              |    20 |    20 |    72 |   126 |   127 |    18 ||   383
       Dagger            |    67 |    34 |       |    32 |       |       ||   133
       Flail             |       |    73 |       |   109 |       |       ||   182
       Punch             |       |     1 |    12 |    20 |       |       ||    33
       Trident           |       |       |       |   360 |  1163 |   172 ||  1695
       Broad axe         |       |       |       |       |     7 |       ||     7
Throw: Dart              |    18 |    23 |    19 |    78 |    53 |       ||   191
       Stone             |       |     8 |       |       |    61 |       ||    69
Invok: Berserk           |     1 |     5 |     6 |    15 |    12 |     1 ||    40
       Trog's Hand       |       |       |     4 |     4 |     4 |     1 ||    13
       Brothers in Arms  |       |       |       |     4 |     6 |       ||    10
Evoke: Wand              |       |       |     1 |     7 |       |       ||     8
       Condenser vane    |       |       |       |       |     1 |     1 ||     2
  Use: Scroll            |       |       |    14 |     6 |    12 |     1 ||    33
 Stab: Sleeping          |     1 |     2 |       |       |       |       ||     3
       Distracted        |       |       |       |       |     9 |     6 ||    15
Armor: Animal skin       |    20 |       |       |       |       |       ||    20
       Scale mail        |       |    33 |       |       |       |       ||    33
       Chain mail        |       |    11 |   258 |   422 |   484 |    48 ||  1223
       Swamp dragon scal |       |       |       |    28 |       |       ||    28
       Crystal plate arm |       |       |       |       |    33 |       ||    33
Dodge: Dodged            |    64 |    92 |   163 |   442 |   583 |    55 ||  1399
Block: Buckler           |       |       |       |    94 |   243 |    27 ||   364

Table legend: (Time is in decaauts)
 A = Elapsed time spent in this place.
 B = Non-inter-level travel time spent in this place.
 C = Inter-level travel time spent in this place.
 D = Time resting spent in this place.
 E = Time spent auto-exploring this place.
 F = Levels seen in this place.
 G = Mean time per level.
                   A        B        C        D        E       F      G
               +--------+--------+--------+--------+--------+-----+--------+
         Total |  23943 |  22578 |   1365 |   2444 |  14695 |  22 | 1088.3 |
       Dungeon |  15397 |  14633 |    764 |   1110 |  10118 |  15 | 1026.5 |
          Lair |   6702 |   6101 |    601 |    589 |   3993 |   6 | 1117.0 |
      Ice Cave |   1843 |   1843 |      0 |    744 |    584 |   1 | 1843.0 |
               +--------+--------+--------+--------+--------+-----+--------+

Top non-repeatable levels by time:
     D:9: 2109 daAuts
   IceCv: 1843 daAuts
  Lair:5: 1509 daAuts
  Lair:6: 1364 daAuts
     D:4: 1342 daAuts
    D:15: 1308 daAuts
    D:14: 1212 daAuts
  Lair:2: 1120 daAuts
  Lair:1: 1064 daAuts
    D:10: 1037 daAuts
     D:1: 977 daAuts
    D:11: 910 daAuts
     D:5: 908 daAuts
     D:8: 891 daAuts
    D:12: 879 daAuts
